 Dungeon Crawl Stone Soup version 0.21-a0-329-g12f17e1 (webtiles) character file.

476 tidbits the Charmwright (level 7, 9/56 HPs)
             Began as a Gnoll Skald on Oct 1, 2017.
             Was an Initiate of Cheibriados.
             Quit the game on level 6 of the Dungeon.
             The game lasted 00:06:54 (1088 turns).

tidbits the Charmwright (Gnoll Skald)               Turns: 1088, Time: 00:06:55

Health: 9/56       AC:  8    Str: 20    XL:     7   Next: 10%
Magic:  12/24      EV: 13    Int: 18    God:    Cheibriados [......]
Gold:   172        SH:  4    Dex: 15    Spells: 6/17 levels left

rFire    . . .     SeeInvis .   a - +0 falchion
rCold    . . .     Gourm    .   D - +0 buckler
rNeg     . . .     Faith    .   B - +0 ring mail
rPois    .         Spirit   .   (no helmet)
rElec    .         Reflect  .   (no cloak)
rCorr    .         Harm     .   G - +0 pair of gloves
MR       .....                  (no boots)
Stlth    +.........             u - amulet of rage
HPRegen  0.18/turn              q - ring of magical power
MPRegen  0.19/turn              (no ring)

@: mighty, infused, singing, very slightly contaminated, very slow
A: distributed training, fangs 1, hooves 1, molten scales 1, MP-powered wands,
strong nose
a: Bend Time, Renounce Religion, Evoke Berserk Rage


You were on level 6 of the Dungeon.
You worshipped Cheibriados.
Cheibriados was noncommittal.
You were not hungry.

You visited 1 branch of the dungeon, and saw 6 of its levels.

You collected 172 gold pieces.

Inventory:

Hand Weapons
 a - a +0 falchion (weapon)
 k - a +0 war axe
Missiles
 n - 41 arrows
 r - 9 tomahawks (quivered)
Armour
 b - a +0 leather armour
 v - a +0 shield
 B - a +0 ring mail (worn)
 D - a +0 buckler (worn)
 G - a +0 pair of gloves (worn)
Jewellery
 q - a ring of magical power (left hand)
   (You found it on level 4 of the Dungeon)
 u - an amulet of rage (around neck)
   (You found it on level 4 of the Dungeon)
Scrolls
 e - a scroll of identify
 g - 2 scrolls of noise
 j - a scroll of teleportation
 m - a scroll of recharging {unknown}
 p - a scroll of remove curse {unknown}
Potions
 s - a potion of haste {unknown}
 t - a potion of curing
 w - a potion of flight {unknown}
Books
 c - a book of Battle

   Spells                             Type                      Level
   a - Infusion                       Charms                       1
   b - Shroud of Golubria             Charms/Translocation         2
   c - Song of Slaying                Charms                       2
   d - Spectral Weapon                Hexes/Charms                 3
   e - Regeneration                   Charms/Necromancy            3
 l - a book of Callings
   (You found it on level 5 of the Dungeon)

   Spells                             Type                      Level
   a - Summon Small Mammal            Summoning                    1
   b - Call Imp                       Summoning                    2
   c - Call Canine Familiar           Summoning                    3
   d - Summon Guardian Golem          Hexes/Summoning              3
   e - Summon Lightning Spire         Summoning/Air                4
   f - Summon Ice Beast               Ice/Summoning                4
Comestibles
 d - 3 bread rations
 f - 7 fruits
 h - 2 meat rations
 o - a royal jelly


   Skills:
 + Level 5.1 Fighting
 + Level 2.2 Short Blades
 + Level 5.1 Long Blades
 + Level 2.2 Axes
 + Level 2.2 Maces & Flails
 + Level 2.2 Polearms
 + Level 2.2 Staves
 + Level 2.2 Slings
 + Level 2.2 Bows
 + Level 2.2 Crossbows
 + Level 2.2 Throwing
 + Level 3.4 Armour
 + Level 5.1 Dodging
 + Level 2.2 Stealth
   Level 0.0 Stabbing
 + Level 2.2 Shields
   Level 0.0 Traps
 + Level 2.2 Unarmed Combat
 + Level 5.5 Spellcasting
 + Level 2.2 Conjurations
 + Level 2.2 Hexes
 + Level 6.9 Charms
 + Level 2.2 Summonings
 + Level 2.2 Necromancy
 + Level 2.2 Translocations
 + Level 2.2 Transmutations
 + Level 2.2 Fire Magic
 + Level 2.2 Ice Magic
 + Level 2.2 Air Magic
 + Level 2.2 Earth Magic
 + Level 2.2 Poison Magic
 + Level 2.2 Invocations
 + Level 2.2 Evocations


You had 6 spell levels left.
You knew the following spells:

 Your Spells              Type           Power        Failure   Level  Hunger
g - Shroud of Golubria    Chrm/Tloc      ###.......   6%          2    #......
i - Infusion              Chrm           ####         1%          1    None
r - Regeneration          Chrm/Necr      ###.......   12%         3    ##.....
w - Spectral Weapon       Hex/Chrm       ###.....     12%         3    ##.....
y - Song of Slaying       Chrm           ####....     2%          2    #......


Dungeon Overview and Level Annotations

Branches:
Dungeon (6/15)
 Temple: D:4-7

Altars:
Cheibriados
Gozag
Hepliaklqana
Yredelemnul
The Shining One

Annotations:
D:3 p0werm0de's ghost, weakling VSAK
D:6 tidbits's ghost, novice GnSk


Innate Abilities, Weirdness & Mutations

Your experience applies equally to all skills.
You have very sharp teeth.
Your uncanny sense of smell can sniff out nearby items.
You have large cloven feet.
You are partially covered in molten scales. (AC +2)
You expend magic power (3 MP) to strengthen your wands.


Message History

Your skin crawls.
Casting: Regeneration
Confirm with . or Enter, or press ? or * to list all spells.
You draw out your weapon's spirit!
Casting: Spectral Weapon
Confirm with . or Enter, or press ? or * to list all spells.
You begin infusing your attacks with magical energy.
An orc and an orc wizard come into view.
You closely miss tidbits's ghost.
The orc shouts!
The orc wizard shouts!
Your kick misses tidbits's ghost.
Your skin is crawling a little less now.
You hear a shout!
Your spectral weapon hits tidbits's ghost!
The orc wizard moves out of view.
Tidbits's ghost casts a spell.
Space distorts along a thin shroud covering tidbits's ghost's form.
An orc warrior comes into view. It is wielding a battleaxe.
Casting: Infusion
Confirm with . or Enter, or press ? or * to list all spells.
You start singing a song of slaying.
You block tidbits's ghost's attack.
You hit tidbits's ghost but do no damage.
Your kick misses tidbits's ghost.
Tidbits's ghost is lightly damaged.
Your spectral weapon completely misses tidbits's ghost.
Your shroud bends tidbits's ghost's attack away.
An orc comes into view. It is wielding a club.
You closely miss tidbits's ghost. You kick tidbits's ghost.
Your bite misses tidbits's ghost.
Tidbits's ghost is lightly damaged.
You hear a shout!
Your spectral weapon barely misses tidbits's ghost.
Tidbits's ghost hits you! Tidbits's ghost freezes you.
You barely miss tidbits's ghost. You kick tidbits's ghost.
Tidbits's ghost is lightly damaged.
You hear a shout!
Your spectral weapon closely misses tidbits's ghost.
Tidbits's ghost closely misses you.
An orc priest comes into view. It is wielding a flail.
You closely miss tidbits's ghost. Your bite misses tidbits's ghost.
Tidbits's ghost is lightly damaged.
Your skin stops crawling.
Your spectral weapon barely misses tidbits's ghost.
Tidbits's ghost whispers, "It is all a dream - a grotesque and foolish dream."
Your shroud bends tidbits's ghost's attack away.
The orc priest casts a cantrip, but nothing happens.
An orc comes into view. It is wielding a flail of holy wrath.
You barely miss the orc wizard. You kick the orc wizard.
Your bite misses the orc wizard.
The orc wizard is lightly wounded.
You hear a bark!
Your spectral weapon hits the orc wizard.
Tidbits's ghost hits you but does no damage.
You block the orc wizard's attack.
Tidbits's ghost hits you but does no damage.
You barely miss the orc wizard. You kick the orc wizard.
Your bite misses the orc wizard.
The orc wizard is lightly wounded.
You hear a bark!
Your spectral weapon hits the orc wizard.
The orc wizard hits you but does no damage.
Tidbits's ghost says, "What's the hurry?
You'll die anyway."
You block tidbits's ghost's attack.
A centaur comes into view.
You closely miss the orc wizard. Your kick misses the orc wizard.
The orc wizard is heavily wounded.
You hear a shout!
Your spectral weapon misses the orc wizard.
The centaur moves out of view.
The orc wizard closely misses you.
Your shroud bends tidbits's ghost's attack away!
A jackal comes into view.
You feel very mighty all of a sudden.
The jackal moves out of view.
The orc priest begins to cast a cantrip, but forgets the words!
The orc wizard points at you and mumbles some strange words.
The puff of flame hits you!
The orc warrior hits you with a battleaxe!
* * * LOW HITPOINT WARNING * * *
Your shroud falls apart!
Tidbits's ghost hits you!
* * * LOW HITPOINT WARNING * * *
Tidbits's ghost freezes you.
* * * LOW HITPOINT WARNING * * *
An orc comes into view. It is wielding a hand axe.
You barely miss the orc wizard. You kick the orc wizard!
You kill the orc wizard!
Cheibriados appreciates the change of pace.
You hear a bark! x2
The orc throws a stone.
The stone closely misses you.
Tidbits's ghost hits you but does no damage.
The orc warrior closely misses you.
Tidbits's ghost's shroud bends your attack away!
Tidbits's ghost hits you.
* * * LOW HITPOINT WARNING * * *
Tidbits's ghost freezes you.
* * * LOW HITPOINT WARNING * * *
The orc warrior misses you.
A jackal comes into view.
Okay, then.
Are you sure you want to abandon this character and quit the game? (Confirm with "yes".)

##.........[..
###.#..#####
#.##..#
#.##..#
#.##.^#
#.##..######..
#.##..(.......
#.##....####.
#.##(@o##
#W)o......
hc.o..###..
..o#......
.h..o...#.###
..o#.......
...#?.......
.. ..........


You could see an orc warrior, a centaur, an orc priest, tidbits's ghost, 4 orcs,
2 jackals and a friendly spectral falchion.

Vanquished Creatures
  An ogre (D:4)
  A phantom (D:4)
  A centaur (D:5)
  A scorpion (D:5)
  An orc wizard (D:6)
  3 worker ants
  A howler monkey skeleton (D:6)
  3 adders
  2 leopard geckos
  2 orcs (D:4)
  A ball python (D:1)
  2 giant cockroaches
  5 hobgoblins
  3 jackals (D:4)
  A kobold (D:1)
  3 quokkas (D:4)
  A bat (D:3)
  4 frilled lizards
  A goblin (D:1)
  A leopard gecko skeleton (D:6)
  3 rats (D:1)
41 creatures vanquished.

Notes
Turn   | Place    | Note
-------+----------+-------------------------------------------
     0 | D:1      | tidbits the Gnoll Skald began the quest for the Orb.
     0 | D:1      | Reached XP level 1. HP: 20/20 MP: 6/6
   159 | D:1      | Reached XP level 2. HP: 20/26 MP: 2/7
   208 | D:1      | Learned a level 2 spell: Song of Slaying
   211 | D:1      | Learned a level 2 spell: Shroud of Golubria
   360 | D:2      | Reached XP level 3. HP: 31/31 MP: 3/9
   379 | D:2      | Found a glowing golden altar of the Shining One.
   390 | D:3      | Reached skill level 5 in Spellcasting
   391 | D:3      | Noticed p0werm0de's ghost (weakling VSAK)
   472 | D:4      | Learned a level 3 spell: Regeneration
   476 | D:4      | Learned a level 3 spell: Spectral Weapon
   493 | D:4      | Found an opulent altar of Gozag.
   515 | D:5      | Entered Level 5 of the Dungeon
   515 | D:5      | Noticed a centaur
   529 | D:4      | Noticed an ogre
   543 | D:4      | Killed an ogre
   543 | D:4      | Reached skill level 1 in Short Blades
   543 | D:4      | Reached skill level 1 in Axes
   543 | D:4      | Reached skill level 1 in Maces & Flails
   543 | D:4      | Reached skill level 1 in Polearms
   543 | D:4      | Reached skill level 1 in Staves
   543 | D:4      | Reached skill level 1 in Slings
   543 | D:4      | Reached skill level 1 in Bows
   543 | D:4      | Reached skill level 1 in Crossbows
   543 | D:4      | Reached skill level 1 in Throwing
   543 | D:4      | Reached skill level 1 in Stealth
   543 | D:4      | Reached skill level 1 in Shields
   543 | D:4      | Reached skill level 1 in Unarmed Combat
   543 | D:4      | Reached skill level 1 in Conjurations
   543 | D:4      | Reached skill level 1 in Hexes
   543 | D:4      | Reached skill level 1 in Summonings
   543 | D:4      | Reached skill level 1 in Necromancy
   543 | D:4      | Reached skill level 1 in Translocations
   543 | D:4      | Reached skill level 1 in Transmutations
   543 | D:4      | Reached skill level 1 in Fire Magic
   543 | D:4      | Reached skill level 1 in Ice Magic
   543 | D:4      | Reached skill level 1 in Air Magic
   543 | D:4      | Reached skill level 1 in Earth Magic
   543 | D:4      | Reached skill level 1 in Poison Magic
   543 | D:4      | Reached skill level 1 in Invocations
   543 | D:4      | Reached skill level 1 in Evocations
   543 | D:4      | Reached XP level 4. HP: 31/38 MP: 4/11
   543 | D:4      | Reached XP level 5. HP: 35/43 MP: 4/12
   632 | D:4      | Noticed a phantom
   669 | D:4      | Killed a phantom
   669 | D:4      | Reached skill level 3 in Armour
   669 | D:4      | Reached XP level 6. HP: 35/50 MP: 11/13
   727 | D:5      | Reached skill level 5 in Fighting
   727 | D:5      | Reached skill level 5 in Long Blades
   727 | D:5      | Reached skill level 5 in Dodging
   728 | D:5      | Gained mutation: You are partially covered in molten scales. (AC +2) [potion of mutation]
   728 | D:5      | Gained mutation: You expend magic power (3 MP) to strengthen your wands. [potion of mutation]
   728 | D:5      | Gained mutation: You have large cloven feet. [potion of mutation]
   764 | D:4      | Reached skill level 2 in Short Blades
   764 | D:4      | Reached skill level 2 in Axes
   764 | D:4      | Reached skill level 2 in Maces & Flails
   764 | D:4      | Reached skill level 2 in Polearms
   764 | D:4      | Reached skill level 2 in Staves
   764 | D:4      | Reached skill level 2 in Slings
   764 | D:4      | Reached skill level 2 in Bows
   764 | D:4      | Reached skill level 2 in Crossbows
   764 | D:4      | Reached skill level 2 in Throwing
   764 | D:4      | Reached skill level 2 in Stealth
   764 | D:4      | Reached skill level 2 in Shields
   764 | D:4      | Reached skill level 2 in Unarmed Combat
   764 | D:4      | Reached skill level 2 in Conjurations
   764 | D:4      | Reached skill level 2 in Hexes
   764 | D:4      | Reached skill level 2 in Summonings
   764 | D:4      | Reached skill level 2 in Necromancy
   764 | D:4      | Reached skill level 2 in Translocations
   764 | D:4      | Reached skill level 2 in Transmutations
   764 | D:4      | Reached skill level 2 in Fire Magic
   764 | D:4      | Reached skill level 2 in Ice Magic
   764 | D:4      | Reached skill level 2 in Air Magic
   764 | D:4      | Reached skill level 2 in Earth Magic
   764 | D:4      | Reached skill level 2 in Poison Magic
   764 | D:4      | Reached skill level 2 in Invocations
   764 | D:4      | Reached skill level 2 in Evocations
   793 | D:4      | Found a basalt altar of Yredelemnul.
   918 | D:5      | Reached XP level 7. HP: 53/56 MP: 15/15
  1019 | D:5      | Found a snail-covered altar of Cheibriados.
  1019 | D:5      | Found a hazy altar of Hepliaklqana.
  1023 | D:5      | Became a worshipper of Cheibriados the Contemplative
  1069 | D:6      | Noticed tidbits's ghost (novice GnSk)
  1088 | D:6      | Quit the game

Vault maps used:
D:1:      minmay_arrival_floating_metal
D:2:      nicolae_overflow_crystal_walls, grunt_decor_mini_mirrors, minivault_4,
          kennysheep_generic_room_3
D:3:      nicolae_overflow_hidden_temple, first_bread, uniq_jessica
D:4:      lemuel_round_altar, grunt_gozag_statues
D:5:      lemuel_doored_altar, gammafunk_temple_overflow_wave
D:6:      minmay_item_behind_shaft, serial_bayou_lagoon_a, grunt_ministairs_8,
          trog_ov_bears_minmay, uniq_blork_the_orc

Skill      XL: |  1  2  3  4  5  6 |
---------------+-------------------+-----
Spellcasting   | 5 |  5.5
Short Blades   | 1 2 |  2.2
Axes           | 1 2 |  2.2
Maces & Flails | 1 2 |  2.2
Polearms       | 1 2 |  2.2
Staves         | 1 2 |  2.2
Slings         | 1 2 |  2.2
Bows           | 1 2 |  2.2
Crossbows      | 1 2 |  2.2
Throwing       | 1 2 |  2.2
Stealth        | 1 2 |  2.2
Shields        | 1 2 |  2.2
Unarmed Combat | 1 2 |  2.2
Conjurations   | 1 2 |  2.2
Hexes          | 1 2 |  2.2
Summonings     | 1 2 |  2.2
Necromancy     | 1 2 |  2.2
Translocations | 1 2 |  2.2
Transmutations | 1 2 |  2.2
Fire Magic     | 1 2 |  2.2
Ice Magic      | 1 2 |  2.2
Air Magic      | 1 2 |  2.2
Earth Magic    | 1 2 |  2.2
Poison Magic   | 1 2 |  2.2
Invocations    | 1 2 |  2.2
Evocations     | 1 2 |  2.2
Armour         | 3 |  3.4
Fighting       | 5 |  5.1
Long Blades    | 5 |  5.1
Dodging        | 5 |  5.1
Charms         | |  6.9

Action                   |  1- 3 |  4- 6 |  7- 9 || total
-------------------------+-------+-------+-------++-------
Melee: Falchion          |    55 |    55 |    13 ||   123
       Bite              |     7 |     5 |       ||    12
       Kick              |       |     3 |     7 ||    10
 Cast: Infusion          |     6 |       |     1 ||     7
       Spectral Weapon   |     1 |     8 |     2 ||    11
       Shroud of Golubri |     1 |     1 |     1 ||     3
       Regeneration      |     1 |     4 |     1 ||     6
       Song of Slaying   |       |     1 |     1 ||     2
  Use: Scroll            |     3 |     1 |       ||     4
       Potion            |     1 |     1 |     1 ||     3
  Eat: Chunk             |       |       |     2 ||     2
Armor: Leather armour    |     2 |       |       ||     2
       Ring mail         |    14 |    13 |     4 ||    31
Dodge: Dodged            |    45 |    22 |     5 ||    72
Block: Buckler           |     2 |    10 |     3 ||    15
       Rpst.: Falchion   |    15 |     8 |       ||    23

Table legend:
 A = Spawn XP
 B = Non-spawn XP
 C = Spawn XP percentage of total XP
 D = Spawn monster count
 E = Non-spawn monster count
 F = Spawn count percentage of total count
 G = Total turns spent on level
                    A         B        C        D         E        F      G
               +---------+---------+-------+---------+---------+-------+---------
         Total |       0 |     680 |   0.0 |       0 |      41 |   0.0 |  1088
               +---------+---------+-------+---------+---------+-------+---------
           D:1 |       0 |      19 |   0.0 |       0 |      12 |   0.0 |   318
           D:2 |       0 |      17 |   0.0 |       0 |       3 |   0.0 |    67
           D:3 |       0 |       7 |   0.0 |       0 |       4 |   0.0 |    57
           D:4 |       0 |     348 |   0.0 |       0 |      15 |   0.0 |   310
           D:5 |       0 |     228 |   0.0 |       0 |       4 |   0.0 |   296
           D:6 |       0 |      61 |   0.0 |       0 |       3 |   0.0 |    40
               +---------+---------+-------+---------+---------+-------+---------

Table legend:
 A = Turns spent in this place as a percentage of turns spent in the entire game.
 B = Non-inter-level travel turns spent in this place as a percentage of non-inter-level travel turns spent in the entire game.
 C = Inter-level travel turns spent in this place as a percentage of turns spent in this place.
 D = Turns resting spent in this place as a percentage of non-inter-level travel turns spent in this place.
 E = Turns spent auto-exploring this place as a percentage of non-inter-level travel turns spent in this place.
 F = Non-inter-level travel turns spent in this place divided by the number of levels of this place that you've seen.
                   A       B       C       D       E      F
               +-------+-------+-------+-------+-------+----------------------
         Total | 100.0 | 100.0 |   5.6 |   0.0 |   0.0 | 171.2
       Dungeon | 100.0 | 100.0 |   5.6 |   0.0 |   0.0 | 171.2
               +-------+-------+-------+-------+-------+----------------------

Table legend:
 A = Kills in this place as a percentage of kills in entire the game.
 B = Kills by you in this place as a percentage of kills by you in the entire game.
 C = Kills by friends in this place as a percentage of kills by friends in the entire game.
 D = Other kills in this place as a percentage of other kills in the entire game.
 E = Experience gained in this place as a percentage of experience gained in the entire game.
 F = Experience gained in this place divided by the number of levels of this place that you have seen.
                   A       B       C       D       E      F
               +-------+-------+-------+-------+-------+----------------------
         Total | 100.0 | 100.0 |   N/A |   N/A | 100.0 | 113.3
       Dungeon | 100.0 | 100.0 |   N/A |   N/A | 100.0 | 113.3
               +-------+-------+-------+-------+-------+----------------------

Vault maps used:
D:1:      minmay_arrival_floating_metal
D:2:      nicolae_overflow_crystal_walls, grunt_decor_mini_mirrors, minivault_4,
          kennysheep_generic_room_3
D:3:      nicolae_overflow_hidden_temple, first_bread, uniq_jessica
D:4:      lemuel_round_altar, grunt_gozag_statues
D:5:      lemuel_doored_altar, gammafunk_temple_overflow_wave
D:6:      minmay_item_behind_shaft, serial_bayou_lagoon_a, grunt_ministairs_8,
          trog_ov_bears_minmay, uniq_blork_the_orc
